 Dungeon Crawl Stone Soup version 0.28-a0-178-ga708605c5b (webtiles) character file.

Game seed: 3439675913579081075

2586 frimble the Fighter (level 9, 0/85 HPs)
             Began as a Minotaur Warper on Aug 17, 2021.
             Slain by a wolf (3 damage)
             ... led by Grum
             ... on level 8 of the Dungeon.
             The game lasted 00:10:31 (10181 turns).

frimble the Fighter (Minotaur Warper)              Turns: 10181, Time: 00:10:32

Health: 0/85       AC:  6    Str: 15    XL:     9   Next: 32%
Magic:  11/11      EV: 16    Int: 12    God:
Gold:   1417       SH:  0    Dex: 12    Spells: 10/12 levels left

rFire   + . .      SeeInvis .   a - +1 falchion
rCold   . . .      Faith    .   (no shield)
rNeg    . . .      Spirit   .   t - +0 leather armour
rPois   .          Reflect  .   (helmet restricted)
rElec   .          Harm     .   A - +0 cloak
rCorr   .          Rampage  .   y - +0 pair of gloves
Will    .....                   q - +0 pair of boots
Stlth   ++........              x - amulet of magic regeneration
HPRegen 0.24/turn               j - +4 ring of evasion
MPRegen 0.37/turn               H - ring of protection from fire

@: studying Slings
A: horns 2, retaliatory headbutt
a: no special abilities


You were on level 8 of the Dungeon.
You visited 1 branch of the dungeon, and saw 8 of its levels.
You also visited: Ossuary.

You collected 1417 gold pieces.

Inventory:

Hand Weapons
 a - a +1 falchion (weapon)
 b - a +2 dagger of freezing
Missiles
 d - 13 boomerangs of dispersal
 k - 4 boomerangs
 o - 17 poisoned darts (quivered)
 u - 8 javelins
Armour
 q - a +0 pair of boots (worn)
 t - a +0 leather armour (worn)
 y - a +0 pair of gloves (worn)
 A - a +0 cloak (worn)
Jewellery
 j - a +4 ring of evasion (left hand)
 w - a ring of fire
 x - an amulet of magic regeneration (around neck)
 H - a ring of protection from fire (right hand)
Wands
 z - a wand of flame (21)
Scrolls
 c - a scroll of blinking
 e - 2 scrolls of enchant weapon
 g - 2 scrolls of fog
 l - a scroll of brand weapon
 p - 6 scrolls of teleportation
 s - 4 scrolls of amnesia
 C - a scroll of holy word
 D - 5 scrolls of identify
Potions
 f - 4 potions of mutation
 i - a potion of brilliance {unknown}
 m - a potion of attraction {unknown}
 n - 2 potions of degeneration {unknown}
 r - a potion of might
 v - a potion of lignification {unknown}
 B - 4 potions of cancellation
 E - 6 potions of curing
 F - a potion of magic {unknown}
 G - a potion of invisibility {unknown}
 I - a potion of resistance
 J - 2 potions of flight {unknown}


   Skills:
 + Level 9.8 Fighting
 + Level 5.3 Long Blades
 - Level 6.0 Throwing
 - Level 1.3 Armour
 + Level 3.8 Dodging
 - Level 3.0 Stealth
 - Level 2.0 Spellcasting
 - Level 3.0 Translocations
 - Level 3.0 Evocations


You had 10 spell levels left.
You knew the following spells:

 Your Spells              Type           Power      Damage    Failure   Level
a - Blink                 Tloc           N/A        N/A       14%         2

Your spell library contained the following spells:

 Spells                   Type           Power      Damage    Failure   Level
 Gell's Gravitas          Tloc           4%         N/A       28%         3
 Lesser Beckoning         Tloc           4%         N/A       28%         3
 Teleport Other           Tloc           8%         N/A       28%         3
 Beastly Appendage        Tmut           2%         N/A       32%         1
 Corona                   Hex            1%         N/A       32%         1
 Ensorcelled Hibernation  Hex/Ice        2%         N/A       45%         2
 Wereblood                Tmut           1%         N/A       45%         2
 Spider Form              Tmut/Pois      0%         N/A       69%         3
 Tukima's Dance           Hex            1%         N/A       69%         3
 Manifold Assault         Tloc           8%         N/A       95%         5


Dungeon Overview and Level Annotations

Branches:
Dungeon (8/15)             Temple (0/1) D:4         Ossuary (visited)
   Lair: D:8-11

Altars:
Okawaru
Ru
Sif Muna
Wu Jian
Yredelemnul
The Shining One


Innate Abilities, Weirdness & Mutations

You have a pair of horns on your head.
You reflexively headbutt those who attack you in melee.


Message History

The wolf is moderately wounded.
The wolf closely misses you. The wolf bites you!
* * * LOW HITPOINT WARNING * * *
You hit the wolf but do no damage.
The wolf is moderately wounded.
The wolf barely misses you. You furiously retaliate!
You headbutt the wolf.
You riposte.
You hit the wolf.
The wolf is heavily wounded.
The wolf barely misses you.
You riposte.
You barely miss the wolf. Your headbutt misses the wolf.
The wolf is heavily wounded.
You barely miss the wolf.
The wolf is heavily wounded.
The wolf completely misses you. You furiously retaliate!
You headbutt the wolf! You closely miss the wolf.
The wolf is severely wounded.
The wolf bites you!
* * * LOW HITPOINT WARNING * * *
The wolf bites you.
* * * LOW HITPOINT WARNING * * *
Throw: 18 darts (poison)
Press: ? - help, Q - select action, (/) - cycle Shift-Dir - straight line, f - wolf
Aim: a wolf (severely wounded, 50% to hit)
You throw a poisoned dart.
The poisoned dart completely misses the wolf.
The poisoned dart hits the wolf!
The wolf is poisoned.
The wolf completely misses you.
You hit the wolf.
The wolf is severely wounded.
The wolf closely misses you. The wolf bites you.
* * * LOW HITPOINT WARNING * * *
You closely miss the wolf.
The wolf is severely wounded.
The wolf bites you.
* * * LOW HITPOINT WARNING * * *
The wolf barely misses you.
You hit the wolf.
The wolf is almost dead.
The wolf bites you but does no damage. The wolf bites you.
You die...

##.#. ... #(#
..##.###)#
.......)<#
####.###)#####
#.....#
########.#.#
....(hh@...#
########.###
#.# #.. ####


You could see 2 wolves.

Vanquished Creatures
  Grum (D:8)
  3 water moccasins
  A sky beast (D:7)
  An ice beast (D:5)
  A centaur (D:6)
  A wolf (D:8)
  2 bullfrogs (D:7)
  A scorpion (D:5)
  Dowan (D:4)
  2 water moccasin skeletons
  6 killer bees (D:7)
  A crimson imp (D:5)
  2 bullfrog zombies (D:6)
  A centaur zombie (D:8)
  3 hounds
  8 orc priests
  A bullfrog skeleton (D:7)
  3 iguanas
  Jessica (D:3)
  3 orc wizards
  Natasha (twice) (D:3)
  A hound zombie (D:5)
  2 hound skeletons (D:5)
  8 mummies (Ossuary)
  2 howler monkey zombies
  8 gnolls
  4 adders
  A shadow imp (D:5)
  A white imp (D:7)
  An adder skeleton (D:4)
  5 dart slugs
  23 orcs
  4 bats
  7 endoplasms
  6 giant cockroaches
  2 goblins
  4 hobgoblins
  4 jackals (D:4)
  6 kobolds
  3 quokkas (D:1)
  7 ball pythons
  6 frilled lizards
  3 gnoll zombies (Ossuary)
  3 goblin zombies (D:5)
  3 hobgoblin zombies (Ossuary)
  3 kobold skeletons (D:5)
  3 kobold zombies
  3 rats (D:3)
168 creatures vanquished.

Vanquished Creatures (others)
  Duvessa (D:4)
  3 jackals (D:2)
4 creatures vanquished.

Grand Total: 172 creatures vanquished

Notes
Turn   | Place    | Note
-------+----------+-------------------------------------------
     0 | D:1      | frimble the Minotaur Warper began the quest for the Orb.
     0 | D:1      | Reached XP level 1. HP: 18/18 MP: 1/1
   266 | D:1      | Found a faded altar of an unknown god.
   329 | D:1      | Reached XP level 2. HP: 23/25 MP: 3/3
   897 | D:1      | Reached skill level 3 in Fighting
  1223 | D:2      | Reached XP level 3. HP: 17/31 MP: 4/4
  2079 | D:3      | Noticed Jessica
  2380 | D:3      | Reached XP level 4. HP: 40/40 MP: 5/5
  2653 | D:3      | Killed Jessica
  2654 | D:3      | Reached skill level 4 in Fighting
  2850 | D:3      | Reached XP level 5. HP: 46/46 MP: 6/6
  3135 | D:3      | Noticed Natasha
  3141 | D:3      | Killed Natasha
  3542 | D:4      | Found a staircase to the Ecumenical Temple.
  3551 | D:4      | Reached skill level 1 in Stealth
  3920 | D:3      | Reached XP level 6. HP: 33/55 MP: 7/7
  4084 | D:4      | Found an iron altar of Okawaru.
  4208 | D:4      | Reached skill level 5 in Fighting
  4327 | D:4      | Found a sacrificial altar of Ru.
  4657 | D:4      | Noticed Duvessa
  4658 | D:4      | Noticed Dowan
  4690 | D:4      | Killed Duvessa
  4693 | D:4      | Killed Dowan
  4704 | D:4      | Reached XP level 7. HP: 46/62 MP: 8/8
  4932 | D:3      | Noticed Natasha
  4947 | D:3      | Killed Natasha
  5158 | D:4      | Reached skill level 6 in Fighting
  5660 | D:4      | Learned a level 2 spell: Blink
  5695 | D:5      | Entered Level 5 of the Dungeon
  5863 | D:5      | Reached skill level 1 in Evocations
  6016 | D:5      | Found a glowing golden altar of the Shining One.
  6063 | D:5      | Reached skill level 7 in Fighting
  6063 | D:5      | Reached XP level 8. HP: 40/73 MP: 9/9
  6317 | D:5      | Reached skill level 5 in Throwing
  6681 | D:5      | Found an ornate altar of the Wu Jian Council.
  6711 | D:5      | Found a shimmering blue altar of Sif Muna.
  6713 | D:5      | Found a basalt altar of Yredelemnul.
  7541 | D:6      | Identified the +8 quarterstaff of Purpose {holy, rPois rF-
                  | rN+ Will+}
  7935 | D:7      | Reached skill level 8 in Fighting
  7944 | D:7      | Reached skill level 9 in Fighting
  7961 | D:7      | Found a sand-covered staircase.
  7966 | Ossuary  | Entered an ossuary
  8303 | Ossuary  | Reached XP level 9. HP: 60/83 MP: 11/11
  8675 | Ossuary  | Identified a scroll of acquirement
  8675 | Ossuary  | Acquired 856 gold pieces
  9007 | D:6      | HP: 3/83 [steam dragon/ball of steam (13)]
 10041 | D:8      | Reached skill level 5 in Long Blades
 10152 | D:8      | Noticed Grum
 10169 | D:8      | Killed Grum
 10180 | D:8      | HP: 3/85 [wolf[Grum] (2)]
 10181 | D:8      | Slain by a wolf

Illustrated notes

Levels and vault maps discovered:
D:1:      psy_arrival_whirlpool, layout_basic, shapermc_ecumenical_altar_ellora,
          minmay_worlds_worst_comb
D:2:      layout_loops_ring, lemuel_old_faithful
D:3:      layout_loops_cross, uniq_jessica, uniq_natasha
D:4:      layout_gridville, okawaru_trees_2,
          nicolae_ru_great_annihilating_truth, minmay_temple_entry_proselytizer,
          uniq_duvessa
D:5:      layout_loops_ring, nicolae_tso_besieged_by_evil,
          nicolae_overflow_hidden_temple
D:6:      layout_gridville
D:7:      layout_basic, enter_ossuary_2
D:8:      layout_basic, uniq_grum

Skill      XL: |  1  2  3  4  5  6  7  8  9 |
---------------+----------------------------+-----
Fighting       | 3 4 5 7 9 |  9.8
Long Blades    | 3 4 5 |  5.3
Throwing       | 2 3 4 6 |  6.0
Stealth        | 1 2 3 |  3.0
Evocations     | 2 3 |  3.0
Spellcasting   | 2 |  2.0
Translocations | 3 |  3.0
Dodging        | 3 |  3.8
Armour         | |  1.3

Action                   |  1- 3 |  4- 6 |  7- 9 || total
-------------------------+-------+-------+-------++-------
Melee: Falchion          |   103 |    11 |   119 ||   233
       Headbutt          |     9 |    21 |    82 ||   112
       Dagger            |       |   117 |   256 ||   373
Throw: Dart              |       |    29 |    13 ||    42
 Cast: Blink             |       |       |     2 ||     2
Evoke: Wand              |       |       |     1 ||     1
  Use: Scroll            |     3 |     3 |     6 ||    12
       Potion            |       |       |     4 ||     4
 Stab: Paralysed         |       |     1 |       ||     1
       Sleeping          |       |       |     4 ||     4
Armor: Leather armour    |    27 |    18 |   106 ||   151
Dodge: Dodged            |    80 |    95 |   312 ||   487
       Rpst.: Falchion   |    17 |     3 |    39 ||    59

Table legend: (Time is in decaauts)
 A = Elapsed time spent in this place.
 B = Non-inter-level travel time spent in this place.
 C = Inter-level travel time spent in this place.
 D = Time resting spent in this place.
 E = Time spent auto-exploring this place.
 F = Levels seen in this place.
 G = Mean time per level.
                   A        B        C        D        E       F      G
               +--------+--------+--------+--------+--------+-----+--------+
         Total |  10186 |   9853 |    333 |    560 |   7905 |   9 | 1131.8 |
       Dungeon |   9483 |   9150 |    333 |    560 |   7334 |   8 | 1185.4 |
       Ossuary |    703 |    703 |      0 |      0 |    571 |   1 |  703.0 |
               +--------+--------+--------+--------+--------+-----+--------+

Top non-repeatable levels by time:
     D:3: 1662 daAuts
     D:4: 1531 daAuts
     D:5: 1460 daAuts
     D:2: 1440 daAuts
     D:6: 1212 daAuts
     D:1: 1211 daAuts
     D:7: 805 daAuts
 Ossuary: 703 daAuts
     D:8: 157 daAuts
